[Event "*** SCC Grand Prix: Titled Tuesday Blitz"]
[Site "Chess.com"]
[Date "2020.10.06"]
[Round "7"]
[White "Gusarov91"]
[Black "Alindsay211"]
[Result "0-1"]
[WhiteElo "2571"]
[BlackElo "2421"]
[TimeControl "180+1"]
[EndTime "11:18:55 PDT"]
[Termination "Alindsay211 won by resignation"]

1. d4 Nf6 2. Nf3 g6 3. Bg5 Bg7 4. c3 d6 5. Nbd2 O-O 6. e4 Nbd7 7. Bc4 e5 8. dxe5 dxe5 9. O-O h6 10. Bh4 Qe7 11.
h3 c6 12. Re1 Re8 13. Qc2 Nf8 14. b4 g5 15. Bg3 Ng6 16. Nb3 Nh5 17. Bh2 Nhf4 18.
Nc5 a5 19. a3 h5 20. Nd3 g4 21.
hxg4 hxg4 22. Nxf4 exf4 23. Nd4 Qg5 24. Nf5 Bxf5 25.
exf5 Ne5 26. f6 Bxf6 27. Rxe5 Bxe5 28. Kf1 axb4 29. Qb3 Qh5 30. Bg1 Rxa3 31. Rxa3 bxa3 32. Qxa3 f3 33. gxf3 Qh3+ 34. Ke1 Bd6+ 35. Kd1 Bxa3 0-1

[Event "*** SCC Grand Prix: Titled Tuesday Blitz"]
[Site "Chess.com"]
[Date "2020.10.06"]
[Round "7"]
[White "Fy_Rakotomaharo"]
[Black "penguingm1"]
[Result "0-1"]
[WhiteElo "2629"]
[BlackElo "2851"]
[TimeControl "180+1"]
[EndTime "11:18:57 PDT"]
[Termination "penguingm1 won by checkmate"]

1. e4 e5 2. Nf3 Nc6 3. Bc4 Bc5 4. c3 Nf6 5. d3 a6 6. a4 d6 7. O-O O-O 8. h3 Ba7 9. Re1 Be6 10. Nbd2 h6 11.
a5 Qe7 12. b4 Rad8 13. Qb3 Nh5 14. Nf1 Qf6 15. N1h2 Nf4 16. Ra2 Nxd3 17. Rd1 Nxc1 18.
Rxc1 Qg6 19. Bxe6 fxe6 20. Re1 Rf4 21. Rae2 Rdf8 22. Kh1 Kh7 23. c4 Nd4 24. Nxd4 exd4 25. f3 e5 26. Ng4 h5 27. Nf2 Qg3 28. Nd3 Rh4 29. Rf1 Rf6 30. c5 Rxh3+ 31. gxh3 Qxh3+ 32. Kg1 Rg6+ 33. Kf2 Qh4# 0-1

[Event "*** SCC Grand Prix: Titled Tuesday Blitz"]
[Site "Chess.com"]
[Date "2020.10.06"]
[Round "7"]
[White "annamaja"]
[Black "awesomevishesh"]
[Result "0-1"]
[WhiteElo "2262"]
[BlackElo "2425"]
[TimeControl "180+1"]
[EndTime "11:18:57 PDT"]
[Termination "awesomevishesh won on time"]

1. e4 c5 2. Nf3 d6 3. d4 cxd4 4. Nxd4 Nf6 5. Nc3 a6 6. Be2 e5 7. Nb3 Be7 8. O-O O-O 9. Kh1 Be6 10. f4 exf4 11. Bxf4 Nc6 12. Nd4 Ne5 13. Qe1 Qc7 14. Rd1 Rfe8 15. Qg3 b5 16. Bh6 Ng6 17. Bg5 b4 18.
Nd5 Bxd5 19. exd5 Ne4 20. Qg4 Bxg5 21. Bd3 h5 22. Qf5 Re5 23. Qh3 Nf4 24. Qf3 Rae8 25.
g3 Ng6 26. Qxh5 Be3 27. Nf5 Nf2+ 28. Rxf2 Bxf2 29. Rf1 Re1 30. Kg2 Rxf1 31. Kxf1 Ba7 32.
Nh4 Qc5 0-1

[Event "*** SCC Grand Prix: Titled Tuesday Blitz"]
[Site "Chess.com"]
[Date "2020.10.06"]
[Round "7"]
[White "Klavdia_Nik"]
[Black "Trickov"]
[Result "0-1"]
[WhiteElo "2148"]
[BlackElo "2378"]
[TimeControl "180+1"]
[EndTime "11:18:57 PDT"]
[Termination "Trickov won by resignation"]

1. Nf3 d5 2. c4 c6 3. b3 Nf6 4. Bb2 Bf5 5. g3 Nbd7 6. Bg2 e6 7. O-O h6 8. d3 Bc5 9. Nbd2 O-O 10. a3 a5 11. Qc2 Qe7 12. e4 dxe4 13. dxe4 Bh7 14. h3 Rfd8 15. Rfe1 Nb6 16. Nf1 Nc8 17. g4 Nd6 18.
Ng3 Nde8 19. Qe2 Qc7 20. Rad1 Qxg3 21. Be5 Qxf2+ 22. Qxf2 Bxf2+ 23. Kxf2 Nxe4+ 24. Ke3 f6 25. Bb2 Nc5 26. Nd4 e5 27. Nf5 Bxf5 28. gxf5 Nxb3 29.
Bf3 Nd6 30. Bg4 Nxc4+ 31. Ke4 Nxb2 32. Rxd8+ Rxd8 0-1

[Event "*** SCC Grand Prix: Titled Tuesday Blitz"]
[Site "Chess.com"]
[Date "2020.10.06"]
[Round "7"]
[White "vovachesss"]
[Black "chenxiaoyuer"]
[Result "1-0"]
[WhiteElo "2679"]
[BlackElo "2491"]
[TimeControl "180+1"]
[EndTime "11:18:59 PDT"]
[Termination "vovachesss won by resignation"]

1. c4 Nf6 2. Nc3 g6 3. d4 d6 4. e4 Bg7 5. h3 O-O 6. Be3 c5 7. d5 e6 8. Nf3 exd5 9. cxd5 Re8 10.
Bd3 Nfd7 11. O-O Ne5 12. Nxe5 Bxe5 13. f4 Bg7 14. Qc2 Na6 15. a3 Nc7 16. Rae1 Bd7 17. Kh1 b5 18. Bf2 a5 19. Bg3 c4 20. Be2 Na6 21. a4 b4 22. Nb5 c3 23. Nxd6 Bxa4 24. Qxa4 Qxd6 25. e5 Qb6 26. bxc3 bxc3 27. Bf2 Qb4 28.
Bb5 Reb8 29. Bc6 Ra7 30. Bxa7 1-0

[Event "*** SCC Grand Prix: Titled Tuesday Blitz"]
[Site "Chess.com"]
[Date "2020.10.06"]
[Round "7"]
[White "brunomorado"]
[Black "olksuna"]
[Result "0-1"]
[WhiteElo "2440"]
[BlackElo "2617"]
[TimeControl "180+1"]
[EndTime "11:19:01 PDT"]
[Termination "olksuna won by resignation"]

1. d4 Nf6 2. Nc3 d6 3. e4 c6 4. g3 b5 5. a3 e5 6. Bg2 Nbd7 7. Nge2 Be7 8. O-O O-O 9. h3 a5 10. Be3 Ba6 11. Re1 b4 12. axb4 axb4 13. Na4 Bb5 14. b3 Re8 15. Nb2 Rxa1 16. Qxa1 Bf8 17. Qa7 d5 18. dxe5 Nxe4 19. Bxe4 dxe4 20. Qd4 Nxe5 21. Qxe4 Nd3 22. Qxe8 Qxe8 23. cxd3 Qa8 24. Nd4 h6 25. Nc4 Qa2 26. Ne5 Bc5 27. Nxb5 Bxe3 28. Rxe3 cxb5 29. d4 Qa1+ 30. Kg2 Qxd4 31. Nf3 Qd5 32. g4 g5 33. Kg3 Kg7 34. h4 Qd6+ 35. Kh3 Qf4 36. hxg5 hxg5 37. Rd3 f5 38. gxf5 Qxf5+ 39. Kg2 Qxd3 0-1

[Event "*** SCC Grand Prix: Titled Tuesday Blitz"]
[Site "Chess.com"]
[Date "2020.10.06"]
[Round "7"]
[White "UCantHandleDenker"]
[Black "Gerasimenyuk_Miha"]
[Result "1-0"]
[WhiteElo "2562"]
[BlackElo "2416"]
[TimeControl "180+1"]
[EndTime "11:19:01 PDT"]
[Termination "UCantHandleDenker won by resignation"]

1. Nf3 d5 2. g3 c6 3. Bg2 Bg4 4. O-O e6 5. d3 Bd6 6. Nbd2 Qc7 7. h3 Bxf3 8. Nxf3 Nf6 9. Qe1 h5 10. e4 Nbd7 11. Qe2 O-O-O 12. Re1 Bc5 13. e5 Ne8 14. d4 Be7 15. c4 dxc4 16. Qxc4 Nb6 17. Qe2 g6 18. a4 Ng7 19. a5 Nd5 20. a6 b6 21. Bg5 Bxg5 22. Nxg5 Nf5 23. Nf3 g5 24. Red1 g4 25. hxg4 hxg4 26. Ng5 Rdg8 27. Ne4 Rd8 28. Rac1 Rhg8 29. Rc4 Kb8 30. Rdc1 Nde7 31. Nf6 Nxd4 32.
Rxd4 Rxd4 33. Nxg8 Nxg8 34. Rxc6 Qd7 35. Rc1 Ne7 36.
Qe3 Nf5 37. Qg5 Rd1+ 38. Rxd1 Qxd1+ 39. Kh2 Kc7 40. Qg8 Qd7 41. Qa8 Nd4 42. Qxa7+ 1-0

[Event "*** SCC Grand Prix: Titled Tuesday Blitz"]
[Site "Chess.com"]
[Date "2020.10.06"]
[Round "7"]
[White "remi04"]
[Black "korkmaz16"]
[Result "0-1"]
[WhiteElo "2547"]
[BlackElo "2373"]
[TimeControl "180+1"]
[EndTime "11:19:02 PDT"]
[Termination "korkmaz16 won by resignation"]

1. e4 e6 2. d4 d5 3. Bd3 dxe4 4. Bxe4 Nf6 5. Bf3 c5 6. Ne2 Nc6 7. Be3 cxd4 8. Nxd4 Nxd4 9. Qxd4 Qxd4 10. Bxd4 Be7 11. Nc3 O-O 12. O-O-O a6 13. Rhe1 Rd8 14. Bb6 Rxd1+ 15.
Rxd1 Bd7 16. Ne4 Nd5 17. Bd4 Bc6 18. a3 Rc8 19. Kb1 Nf4 20. Be5 Ng6 21. Bd6 Bxe4 22. Bxe4 Rd8 23. Bxb7 Rxd6 24. Rxd6 Bxd6 25. Bxa6 Bxh2 26.
a4 Bg1 27. f3 Nf4 28. Bf1 h5 29. Ka2 Kf8 30. b4 Ke7 31. c4 h4 32. Kb3 g5 33. a5 Kd7 34. a6 Ba7 35. Ka4 f5 36. Ka5 Kc7 37. c5 g4 38. fxg4 fxg4 39. Kb5 h3 40. gxh3 gxh3 41. Bxh3 Nxh3 42. Kc4 Nf4 43. Kd4 Ng6 44. Kc4 Ne5+ 45. Kc3 Nc6 46. Kc4 Nxb4 47. Kxb4 Kc6 48. Kc4 Bxc5 49. Kd3 Kd5 50. Kd2 e5 51. Ke2 e4 52. Ke1 Ke5 53. Ke2 Kf4 54. Ke1 Kf3 55. Kf1 e3 56. Ke1 e2 0-1

[Event "*** SCC Grand Prix: Titled Tuesday Blitz"]
[Site "Chess.com"]
[Date "2020.10.06"]
[Round "7"]
[White "ErikRonka"]
[Black "PauloCesarCosta_sad"]
[Result "1-0"]
[WhiteElo "2442"]
[BlackElo "2281"]
[TimeControl "180+1"]
[EndTime "11:19:02 PDT"]
[Termination "ErikRonka won on time"]

1. d4 d5 2. e4 dxe4 3. Nc3 Nf6 4. f3 exf3 5. Nxf3 Bg4 6. h3 Bxf3 7.
Qxf3 c6 8. g4 e6 9. g5 Nd5 10.
Bd2 Nxc3 11. Qxc3 Na6 12. a3 Nc7 13. O-O-O Qd7 14. Bg2 O-O-O 15. Rhf1 Bd6 16. Qf3 Rhf8 17. Qh5 Nd5 18. Qxh7 g6 19. Qh4 Qe7 20. Qg4 Qc7 21.
c4 Nf4 22. Bxf4 Bxf4+ 23. Qxf4 Qa5 24. Qd2 Qa4 25. Qc2 Qa5 26. h4 Rh8 27. Rf4 Rd7 28.
Rdf1 Rh7 29. Bh3 a6 30. Qc3 Qa4 31. Qc2 Qa5 32. Rxf7 Rhxf7 33. Rxf7 Rxf7 34. Bxe6+ Kb8 35. Bxf7 Qe1+ 36. Qd1 Qxh4 37. Qd2 Qh1+ 38. Kc2 Qe4+ 39. Qd3 Qg2+ 40. Kc3 Qxg5 41. Bxg6 Qa5+ 42. Kc2 Qa4+ 43. Kb1 Qa5 44. d5 Qe1+ 45. Ka2 cxd5 46. cxd5 Qe7 47. d6 Qd7 48. Bf5 Qc6 49. d7 Qc4+ 50. Qxc4 b5 51. d8=R+ 1-0

[Event "*** SCC Grand Prix: Titled Tuesday Blitz"]
[Site "Chess.com"]
[Date "2020.10.06"]
[Round "7"]
[White "Chessdude1987"]
[Black "fabianvivasz"]
[Result "1-0"]
[WhiteElo "2247"]
[BlackElo "2345"]
[TimeControl "180+1"]
[EndTime "11:19:05 PDT"]
[Termination "Chessdude1987 won on time"]

1. e4 e5 2. f4 d5 3. exd5 exf4 4. Nf3 Nf6 5. Bb5+ c6 6. dxc6 Nxc6 7. d4 Bd6 8. O-O O-O 9. Re1 Bg4 10. c3 Nd5 11.
Bxc6 bxc6 12. c4 Ne3 13. Bxe3 fxe3 14. Rxe3 Qf6 15. Nc3 Qh6 16. Re2 Rae8 17. Rxe8 Rxe8 18. h3 Bxh3 19. gxh3 Re6 20. Qf1 Rg6+ 21. Kh1 Rg3 22. h4 Qf4 23. Nh2 Qxh4 24. Re1 g6 25. Re2 Rh3 26. Qg1 Qxd4 27. Qxd4 1-0

[Event "*** SCC Grand Prix: Titled Tuesday Blitz"]
[Site "Chess.com"]
[Date "2020.10.06"]
[Round "7"]
[White "Sibelephant"]
[Black "Durarbayli"]
[Result "1-0"]
[WhiteElo "3096"]
[BlackElo "2808"]
[TimeControl "180+1"]
[EndTime "11:19:06 PDT"]
[Termination "Sibelephant won on time"]

1. d4 Nf6 2. Bg5 e6 3. Nd2 c5 4. e3 Nc6 5. Ngf3 h6 6. Bh4 d5 7. c3 Qb6 8. Rb1 Be7 9. Bd3 O-O 10. O-O Re8 11. Qe2 c4 12. Bc2 Qa5 13. a3 b5 14. e4 dxe4 15. Nxe4 Nd5 16. Bxe7 Rxe7 17.
Nc5 Qc7 18. Rfe1 Bb7 19. Qe4 Nf6 20. Qh4 Rd8 21. Qg3 Qxg3 22. hxg3 Rc7 23. Bd1 a5 24. a4 b4 25. Be2 Nd7 26. Nxb7 Rxb7 27. Bxc4 Rdb8 28. Bb5 Na7 29. c4 Nxb5 30. axb5 b3 31.
Ra1 Rc8 32. Nd2 Nb6 33. c5 1-0

[Event "*** SCC Grand Prix: Titled Tuesday Blitz"]
[Site "Chess.com"]
[Date "2020.10.06"]
[Round "7"]
[White "vladimirdamjanovic"]
[Black "Inga83"]
[Result "0-1"]
[WhiteElo "2539"]
[BlackElo "2430"]
[TimeControl "180+1"]
[EndTime "11:19:07 PDT"]
[Termination "Inga83 won on time"]

1. e4 c6 2. d4 d5 3. e5 Bf5 4. c4 e6 5. Nc3 dxc4 6. Bxc4 Nd7 7. Nge2 Nb6 8. Bb3 Ne7 9. O-O Ned5 10. Ng3 g6 11. Nce4 Bxe4 12. Nxe4 Be7 13. Bh6 Rg8 14. h4 a5 15. Bg5 a4 16. Nd6+ Kd7 17. Bxd5 Bxg5 18.
Nxb7 Qc7 19. Nc5+ Ke7 20. Bxe6 Bxh4 21. Qg4 g5 22. f4 Raf8 23. Bxf7 Rxf7 24. Qe6+ Kd8 25.
fxg5 Rgf8 26. Rxf7 Qxf7 27. Qd6+ Nd7 28. Ne6+ Ke8 29.
Nxf8 Bf2+ 30. Kf1 Bxd4+ 31. Ke2 Qf2+ 32. Kd1 Nxf8 33. Qxc6+ Nd7 34. e6 Qf1+ 35. Kc2 Qe2+ 36. Kc1 Be3+ 0-1

[Event "*** SCC Grand Prix: Titled Tuesday Blitz"]
[Site "Chess.com"]
[Date "2020.10.06"]
[Round "7"]
[White "guillembaches"]
[Black "TheMagnet"]
[Result "0-1"]
[WhiteElo "2421"]
[BlackElo "2589"]
[TimeControl "180+1"]
[EndTime "11:19:09 PDT"]
[Termination "TheMagnet won by checkmate"]

1. e4 c5 2. Nf3 g6 3. d4 cxd4 4.
Qxd4 Nf6 5. c4 Nc6 6. Qe3 d6 7. Be2 Bg7 8. h3 O-O 9. O-O Nd7 10. Nc3 Nc5 11. Bd2 a5 12. Rfd1 f5 13. exf5 Bxf5 14. Rac1 Kh8 15. Nh4 e5 16. Nxf5 gxf5 17. Nb5 f4 18. Qa3 Nd4 19. Nxd4 exd4 20. Bf3 Qb6 21. Rb1 a4 22. Bd5 Qc7 23. Qf3 Rae8 24. b4 axb3 25. axb3 b6 26. b4 Nd7 27. Qh5 Ne5 28.
Re1 Qd8 29. Ra1 Qf6 30. Ra7 Re7 31. Rxe7 Qxe7 32. Be4 h6 33. Bd5 Qg5 34. Qxg5 hxg5 35. Ra1 Rc8 36. Ra6 Nxc4 37. Be1 d3 38. Bxc4 Rxc4 39.
Rxb6 Rc1 40. Kf1 d2 41. Rxd6 dxe1=Q# 0-1

[Event "*** SCC Grand Prix: Titled Tuesday Blitz"]
[Site "Chess.com"]
[Date "2020.10.06"]
[Round "7"]
[White "creativity"]
[Black "Igor_Bitensky"]
[Result "0-1"]
[WhiteElo "2073"]
[BlackElo "2326"]
[TimeControl "180+1"]
[EndTime "11:19:09 PDT"]
[Termination "Igor_Bitensky won on time"]

1. d4 b6 2. c4 Bb7 3. Nc3 e6 4.
a3 f5 5. Nf3 Nf6 6. g3 Be7 7.
Bg2 O-O 8. O-O Ne4 9. Qc2 Nxc3 10. Qxc3 d6 11. Rd1 Nd7 12. b4 a5 13. b5 Bf6 14. Rb1 e5 15. dxe5 Nxe5 16. Nd4 Bxg2 17. Kxg2 Qd7 18. Be3 Rae8 19. Rbc1 Ng4 20. Qd3 Nxe3+ 21.
fxe3 Bg5 22. Nc6 Rxe3 23. Qd5+ Kh8 24. Rc2 Rfe8 25. Kf1 Bf6 0-1

[Event "*** SCC Grand Prix: Titled Tuesday Blitz"]
[Site "Chess.com"]
[Date "2020.10.06"]
[Round "7"]
[White "alexrustemov"]
[Black "maximnovik"]
[Result "1-0"]
[WhiteElo "2734"]
[BlackElo "2532"]
[TimeControl "180+1"]
[EndTime "11:19:10 PDT"]
[Termination "alexrustemov won by resignation"]

1. Nf3 Nf6 2. c4 g6 3. Nc3 Bg7 4. g3 O-O 5. Bg2 d5 6. cxd5 Nxd5 7. O-O c5 8. d4 Nxc3 9. bxc3 Qa5 10. Qb3 Nc6 11. Be3 Qa6 12. dxc5 Be6 13. Qc2 Rfd8 14.
Ng5 Bc4 15. Rfe1 Qa5 16. Bd2 Qxc5 17. Ne4 Qa5 18. a4 Rac8 19. Qb2 b6 20. h4 h6 21. Bf4 f5 22. Nd2 Bxc3 23. Nxc4 Bxb2 24. Nxa5 Nxa5 25. Rad1 Kg7 26. Bd5 e5 27. Be3 Bd4 28. Bxd4 Rxd5 29.
Ba1 Rcd8 30. Rxd5 Rxd5 31. f4 Nc6 32. Rc1 Rc5 33. Rd1 Kf7 34. fxe5 Nxe5 35. Bxe5 Rxe5 36. Rd7+ Re7 37. Rd6 Rb7 38. Kf2 a6 39. h5 gxh5 40. Rxh6 b5 41. Rh7+ 1-0

[Event "*** SCC Grand Prix: Titled Tuesday Blitz"]
[Site "Chess.com"]
[Date "2020.10.06"]
[Round "7"]
[White "BikingBrian"]
[Black "ClydeHillKid"]
[Result "0-1"]
[WhiteElo "2199"]
[BlackElo "2324"]
[TimeControl "180+1"]
[EndTime "11:19:10 PDT"]
[Termination "ClydeHillKid won on time"]

1. d4 d5 2. Bf4 Nf6 3. e3 Bf5 4. c4 e6 5. Nc3 Nbd7 6. Qb3 dxc4 7. Bxc4 Nb6 8. Be2 Bd6 9. Bg5 h6 10. Bh4 g5 11. Bg3 Ne4 12. Nf3 O-O 13. Nxe4 Bxe4 14. Bxd6 cxd6 15. O-O Rc8 16. Rac1 Qe7 17. Nd2 Bd5 18. Qa3 a6 19. e4 Bc6 20. Qh3 e5 21. d5 Bd7 22. Qxh6 Rxc1 23. Rxc1 Rc8 24. Rxc8+ Nxc8 25. Nf3 f6 26. Qg6+ Qg7 27. Qxg7+ Kxg7 28. Nd2 b5 29. g3 Nb6 30. b3 Kg6 31. h4 gxh4 32. gxh4 f5 33. Bf3 f4 34. Nf1 Kh6 35.
Nh2 Bh3 36. Ng4+ Bxg4 37. Bxg4 b4 38. Kf1 a5 39. Ke2 Kg6 40. Kd3 Kh6 41. Ke2 Kg6 42. Kf3 Kh6 43. Kg2 Kg6 44. Kh3 Kh6 45. Be6 Kg6 46. Kg4 Na8 47. h5+ Kf6 48. Bf5 Nc7 49. h6 Nb5 0-1

[Event "*** SCC Grand Prix: Titled Tuesday Blitz"]
[Site "Chess.com"]
[Date "2020.10.06"]
[Round "7"]
[White "ailime26"]
[Black "nitpicker"]
[Result "0-1"]
[WhiteElo "1850"]
[BlackElo "2240"]
[TimeControl "180+1"]
[EndTime "11:19:10 PDT"]
[Termination "nitpicker won by resignation"]

1. e4 d5 2. exd5 Qxd5 3. Nc3 Qd8 4. Nf3 Nf6 5. d4 c6 6. Be3 Bf5 7. Qd2 h6 8. O-O-O e6 9. h3 Bb4 10. g4 Be4 11. Bg2 Qa5 12. Kb1 Bd5 13. a3 Ne4 14.
Nxe4 Bxd2 15. Nexd2 b5 16. Rhg1 Nd7 17. Ne5 Nxe5 18.
dxe5 Bxg2 19. Rxg2 Rd8 20. Rgg1 O-O 21. Ne4 Rd5 22. Bc5 Rfd8 23. Bd6 Qb6 24. Ka2 c5 25. Nxc5 R8xd6 26. exd6 Qxd6 27. Ne4 Qe5 28. Nc3 Rxd1 29. Rxd1 a5 30. Rd3 Qc5 31. f4 b4 32. axb4 axb4 33.
Rd8+ Kh7 34. Ne4 Qc4+ 35. Kb1 Qxe4 36. f5 exf5 37. gxf5 Qxf5 0-1

[Event "*** SCC Grand Prix: Titled Tuesday Blitz"]
[Site "Chess.com"]
[Date "2020.10.06"]
[Round "7"]
[White "Skatchkov_V"]
[Black "A-Fier"]
[Result "0-1"]
[WhiteElo "2589"]
[BlackElo "2772"]
[TimeControl "180+1"]
[EndTime "11:19:11 PDT"]
[Termination "A-Fier won by resignation"]

1. d4 Nf6 2. c4 e5 3. dxe5 Ne4 4. Qd4 Bb4+ 5. Nd2 Nxd2 6. Bxd2 Nc6 7. Qf4 Bxd2+ 8.
Qxd2 Nxe5 9. Qc3 Qe7 10. g3 O-O 11. Bg2 a5 12. Nh3 Ra6 13. Nf4 c6 14. O-O a4 15. Rad1 Ng6 16. Nd3 Qxe2 17. Nc5 Ra8 18. Nxd7 Bxd7 19. Rxd7 Rab8 20. Re1 Qh5 21. Qb4 Ne5 22.
Rxb7 Nd3 23. Rxb8 Nxb4 24. Ree8 Qc5 25. Rxf8+ Qxf8 26. Rxf8+ Kxf8 27. a3 Nd3 28. Bxc6 Nxb2 29. Bb5 Ke7 30. c5 Nd1 31. Bxa4 Nc3 32. Bb3 f6 33.
Kf1 Ne4 34. c6 Nd2+ 35. Ke2 Nxb3 36. Kd3 Kd6 37. Kc4 Na5+ 38. Kb5 Nxc6 39. a4 g5 40. Kb6 Kd5 41. h3 f5 42. f3 h5 43. Kb5 f4 44. gxf4 gxf4 45. h4 Nd4+ 46. Kb6 Nxf3 47. a5 Nd4 48. a6 Nc6 49. Kb5 f3 0-1

[Event "*** SCC Grand Prix: Titled Tuesday Blitz"]
[Site "Chess.com"]
[Date "2020.10.06"]
[Round "7"]
[White "chessdjw"]
[Black "GianmarcoVaR"]
[Result "1-0"]
[WhiteElo "2644"]
[BlackElo "2471"]
[TimeControl "180+1"]
[EndTime "11:19:11 PDT"]
[Termination "chessdjw won on time"]

1. c4 Nf6 2. Nc3 e5 3. Nf3 Nc6 4.
a3 d5 5. cxd5 Nxd5 6. Qc2 Be6 7.
e3 Nxc3 8. bxc3 Bd6 9. d4 O-O 10. Be2 f5 11. Bb2 e4 12. Nd2 Qg5 13. g3 Ne7 14. c4 c6 15. h4 Qg6 16. h5 Qf7 17. h6 Ng6 18. hxg7 Rfe8 19. O-O-O b5 20. c5 Bc7 21. Rh6 Bd5 22. Rdh1 Qxg7 23. Rxh7 Qxh7 24. Rxh7 Kxh7 25. g4 f4 26. g5 fxe3 27. fxe3 Kg7 28. Bg4 Nh4 29. Nb1 Rh8 30. Nc3 Ng6 31. Nxe4 Rh1+ 32. Bd1 1-0

[Event "*** SCC Grand Prix: Titled Tuesday Blitz"]
[Site "Chess.com"]
[Date "2020.10.06"]
[Round "7"]
[White "Jospem"]
[Black "Beca95"]
[Result "1-0"]
[WhiteElo "3001"]
[BlackElo "2910"]
[TimeControl "180+1"]
[EndTime "11:19:15 PDT"]
[Termination "Jospem won by resignation"]

1. e4 e6 2. d4 d5 3. Nc3 Bb4 4. exd5 exd5 5. Bd3 Nf6 6. Bg5 O-O 7. Ne2 Bg4 8. f3 Bh5 9. Qd2 Bg6 10. O-O-O Bxd3 11. Qxd3 c6 12. g4 Nbd7 13. h4 Nb6 14. h5 h6 15. Bh4 Nc4 16. g5 hxg5 17. Bxg5 Be7 18.
Rdg1 Kh8 19. b3 Nd6 20. Nf4 Re8 21. Ng6+ fxg6 22. hxg6+ Kg8 23. Qe2 Qc8 24. Qh2 Kf8 25. Bxf6 Bxf6 26. Qxd6+ Kg8 27. Qh2 Kf8 28. Re1 Rxe1+ 29.
Rxe1 Bg5+ 30. Kb2 Bh6 31. Qd6+ Kg8 32. Re7 Qf5 33. Rxb7 Qxf3 34. Qxc6 Qe3 35. Ka3 Qxd4 36. Qxd5+ Qxd5 37. Nxd5 Rd8 38. c4 Bg5 39. Ka4 Kf8 40.
Rf7+ Kg8 41. Rxa7 Rd6 42. Ra8+ Bd8 43. b4 Kf8 44. b5 Ke8 45. b6 1-0

[Event "*** SCC Grand Prix: Titled Tuesday Blitz"]
[Site "Chess.com"]
[Date "2020.10.06"]
[Round "7"]
[White "AndreyNeves"]
[Black "davigator"]
[Result "1-0"]
[WhiteElo "2238"]
[BlackElo "2343"]
[TimeControl "180+1"]
[EndTime "11:19:16 PDT"]
[Termination "AndreyNeves won by checkmate"]

1. d4 Nf6 2. c4 e6 3. g3 Bb4+ 4. Bd2 a5 5. Bg2 O-O 6. Nf3 b6 7. O-O c6 8. Nc3 Ba6 9. b3 d5 10. Ne5 Nfd7 11. Nxd7 Nxd7 12. a3 Be7 13. cxd5 cxd5 14.
a4 Nf6 15. Nb5 Bxb5 16. axb5 Qd7 17. Bg5 Qxb5 18. Bxf6 Bxf6 19. e3 Rac8 20. h4 Rc7 21. h5 h6 22. e4 dxe4 23. Bxe4 Rd8 24. Ra4 Rcd7 25. Bb1 Rxd4 26. Rxd4 Bxd4 27. Qc2 Kf8 28. Rd1 Qe5 29. Kg2 f5 30. Rd2 Ke7 31. Qd1 Kf6 32.
Ba2 b5 33. b4 a4 34. Re2 Qd6 35. Rxe6+ Qxe6 36. Bxe6 Kxe6 37. Qe2+ Kf6 38. Qxb5 Rd6 39. Qxa4 Kg5 40. f4+ Kxh5 41. Qe8+ g6 42. Qe2# 1-0

[Event "*** SCC Grand Prix: Titled Tuesday Blitz"]
[Site "Chess.com"]
[Date "2020.10.06"]
[Round "7"]
[White "mapleaff"]
[Black "DonBroca"]
[Result "1-0"]
[WhiteElo "2349"]
[BlackElo "2172"]
[TimeControl "180+1"]
[EndTime "11:19:17 PDT"]
[Termination "mapleaff won by resignation"]

1. e4 c6 2. Nc3 d5 3. d4 dxe4 4. Nxe4 Nf6 5. Nxf6+ exf6 6. Nf3 Be7 7. Bd3 O-O 8. O-O Nd7 9. h3 c5 10. c3 cxd4 11.
Nxd4 Nc5 12. Bc2 Ne6 13. Nf5 Bc5 14. Qxd8 Rxd8 15. Be3 Bxe3 16. Nxe3 Bd7 17. Rad1 Bc6 18. Nf5 Kf8 19. g3 g6 20. Ne3 Ng5 21. f4 Ne6 22. h4 Ng7 23. Kf2 Ne8 24. Rxd8 Rxd8 25. Rd1 Rxd1 26. Nxd1 Ke7 27. Ke3 Nd6 28. Kd4 Kd7 29.
Ne3 Nb5+ 30. Kc5 b6+ 31. Kb4 a5+ 32. Kc4 Kd6 33. a4 Nc7 34. b4 b5+ 35. axb5 Bxb5+ 36.
Kb3 axb4 37. Kxb4 Bc6 38. Bb3 Ne6 39. Ng4 f5 40. Ne5 Be8 41. Bxe6 fxe6 42. c4 Kc7 43. Kc5 Ba4 44. Nf7 Be8 45. Ng5 h6 46. Nxe6+ Kd7 47. Nd4 Kc7 48. Nf3 Bf7 49. Ne5 Be8 50. Kd5 Kd8 51. Kd6 Ba4 52. Nxg6 1-0

[Event "*** SCC Grand Prix: Titled Tuesday Blitz"]
[Site "Chess.com"]
[Date "2020.10.06"]
[Round "7"]
[White "AldokhinIvan"]
[Black "TokChess"]
[Result "1-0"]
[WhiteElo "2546"]
[BlackElo "2399"]
[TimeControl "180+1"]
[EndTime "11:19:18 PDT"]
[Termination "AldokhinIvan won by resignation"]

1. e4 c5 2. Nf3 e6 3. d4 cxd4 4. Nxd4 a6 5. Nc3 b5 6. Bd3 Bb7 7. Qe2 Bc5 8. Nb3 Be7 9. f4 d6 10. Bd2 Nd7 11. a4 b4 12. Nd1 d5 13. exd5 Bxd5 14.
Ne3 Bb7 15. O-O Ngf6 16. f5 e5 17. Rad1 O-O 18. Be1 e4 19. Bc4 a5 20. Bb5 Qc8 21.
Bh4 Rd8 22. Nc4 Bc6 23. Ncxa5 Bxb5 24. axb5 Ne5 25. Bxf6 Bxf6 26. Qxe4 Rxd1 27. Rxd1 h5 28. Nc6 Nxc6 29. bxc6 Bxb2 30. Rd7 Bf6 31. Qd5 Qe8 32. Kf2 Bh4+ 33. g3 Bg5 34. c7 Rc8 35. Kf1 h4 36. Nd4 Qe3 37. Qxf7+ 1-0

[Event "*** SCC Grand Prix: Titled Tuesday Blitz"]
[Site "Chess.com"]
[Date "2020.10.06"]
[Round "7"]
[White "SanchezKelvin"]
[Black "ChessicallyInclined"]
[Result "1-0"]
[WhiteElo "2397"]
[BlackElo "2516"]
[TimeControl "180+1"]
[EndTime "11:19:20 PDT"]
[Termination "SanchezKelvin won by resignation"]

1. d4 Nf6 2. c4 e6 3. Nf3 b6 4. g3 Ba6 5. Qc2 d5 6. Ne5 Bd6 7. cxd5 exd5 8. Nc6 Qd7 9. Ne5 Qe6 10. Bg2 O-O 11. O-O c5 12. Re1 cxd4 13. Nf3 Bc5 14. a3 Ne4 15. b4 d3 16. exd3 Bxf2+ 17. Qxf2 Nxf2 18. Rxe6 fxe6 19. Kxf2 Bxd3 20. Kg1 Nd7 21. Bb2 Rac8 22. Nc3 Nf6 23. Re1 Ne4 24.
Nxe4 Bxe4 25. Nd4 e5 26. Bxe4 dxe4 27. Ne6 Rf6 28. Ng5 Rc2 29. Bxe5 Rf5 30. Bf4 Rc3 31.
Nxe4 Rxa3 32. Nd6 Rf8 33. h4 a5 34. b5 Rb3 35. Re7 a4 36. Be5 Rb1+ 37. Kg2 Rff1 38.
Rxg7+ Kf8 39. Rxh7 a3 40. Ra7 Rfe1 41. Bf6 Rb2+ 42.
Kh3 Rh1+ 43. Kg4 Rb4+ 44. Kh5 1-0

[Event "*** SCC Grand Prix: Titled Tuesday Blitz"]
[Site "Chess.com"]
[Date "2020.10.06"]
[Round "7"]
[White "GMJustin"]
[Black "diablanni"]
[Result "1-0"]
[WhiteElo "2275"]
[BlackElo "2366"]
[TimeControl "180+1"]
[EndTime "11:19:20 PDT"]
[Termination "GMJustin won by resignation"]

1. e4 c5 2. Nf3 Nc6 3. d4 cxd4 4. Nxd4 g6 5. c4 Nf6 6. Nc3 d6 7. f3 Nxd4 8. Qxd4 Bg7 9. Be3 O-O 10. Qd2 a5 11.
Na4 Be6 12. Nb6 Ra6 13. c5 Ra7 14. cxd6 exd6 15. Nd7 Nxd7 16. Bxa7 b6 17. Qxd6 Bxb2 18. Rb1 Qf6 19. Bb5 Qc3+ 20. Qd2 Qxd2+ 21. Kxd2 Ba3 22. Bxd7 Rd8 23. Bxb6 Rxd7+ 24. Ke3 Bb4 25. Rhd1 Rb7 26. Rd8+ Kg7 27. Bd4+ Kh6 28. Rb2 Rc7 29. h4 Rc1 30.
Bf6 Bc5+ 31. Kd2 Rg1 32. g4 g5 33. hxg5+ 1-0

[Event "*** SCC Grand Prix: Titled Tuesday Blitz"]
[Site "Chess.com"]
[Date "2020.10.06"]
[Round "7"]
[White "misterlamine"]
[Black "Quiet_Desperation"]
[Result "0-1"]
[WhiteElo "2309"]
[BlackElo "1943"]
[TimeControl "180+1"]
[EndTime "11:19:20 PDT"]
[Termination "Quiet_Desperation won by checkmate"]

1. d4 d5 2. c4 c6 3. Nc3 Nf6 4.
Bg5 dxc4 5. e4 b5 6. a3 Bb7 7. Nf3 Nbd7 8. Be2 h6 9. Bh4 g5 10.
Bg3 Bg7 11. O-O Nh5 12. e5 Nxg3 13. hxg3 Nb6 14. Ne4 O-O 15. Qd2 Nd5 16. Nc5 Bc8 17. Rad1 Nc7 18. Qe3 Ne6 19. Qe4 Nxc5 20. dxc5 Qc7 21.
Nd4 Bb7 22. f4 Rad8 23. Nf5 Rd5 24. Bf3 Rfd8 25. e6 Rxd1 26. exf7+ Kxf7 27. Bh5+ Kg8 28. Bxd1 Bc8 29. Nxe7+ Kh8 30. Bc2 Rd3 31. Ng6+ Kg8 32. Bxd3 cxd3 33. Qxd3 Be6 34. Re1 Qf7 35. Qd8+ Kh7 36.
Ne5 Qf5 37. Nxc6 Bd5 38. Ne7 Bd4+ 39. Kh1 Qh3# 0-1